 Dungeon Crawl Stone Soup version 0.18.1-50-g88ac8fd (webtiles) character file.

3047 raph the Cleaver (level 9, -2/79 HPs)
             Began as a Hill Orc Fighter on Oct 1, 2016.
             Was a Priest of Beogh.
             Slain by a white ugly thing (33 damage)
             ... on level 8 of the Dungeon on Oct 20, 2016.
             The game lasted 00:22:38 (7617 turns).

raph the Cleaver (Hill Orc Fighter)                 Turns: 7617, Time: 00:22:38

Health: -2/79      AC: 16    Str: 21    XL:     9   Next: 87%
Magic:  12/12      EV:  6    Int: 10    God:    Beogh [***...]
Gold:   358        SH: 12    Dex: 18    Spells: 0 memorised, 8 levels left

rFire  . . .     SeeInvis .     a - +0 war axe
rCold  . . .     Gourm    .     t - +0 chain mail
rNeg   . . .     Faith    .     c - +0 shield
rPois  .         Spirit   .     q - +0 helmet
rElec  +         Dismiss  .     D - +0 cloak
rCorr  .         Reflect  .     (no gloves)
SustAt .         Harm     .     s - +0 pair of boots
MR     .....                    (no amulet)
Stlth  ..........               H - ring "Sure" {*Contam rElec Dex+5 Stlth+}
                                h - +2 ring of strength

@: not resistant to hostile enchantments, extremely unstealthy
A: clever 1
a: Smiting, Renounce Religion


You were on level 8 of the Dungeon.
You worshipped Beogh.
Beogh was most pleased with you.
You were hungry.

You visited 1 branch of the dungeon, and saw 8 of its levels.

You collected 358 gold pieces.

Inventory:

Hand Weapons
 a - a +0 war axe (weapon)
 B - a +0 hand crossbow
Missiles
 F - 2 bolts
Armour
 b - a +0 scale mail
 c - a +0 shield (worn)
 q - a +0 helmet (worn)
 s - a +0 pair of boots (worn)
 t - a +0 chain mail (worn)
 D - a +0 cloak (worn)
Jewellery
 h - a +2 ring of strength (left hand)
 j - an uncursed ring of sustain attributes
 H - the ring "Sure" (right hand) {*Contam rElec Dex+5 Stlth+}
   (You found it on level 8 of the Dungeon)

   [ring of dexterity]

   It affects your dexterity (+5).
   It insulates you from electricity.
   It causes magical contamination when unequipped.
   It makes you more stealthy.
Wands
 e - a wand of polymorph (13/24)
 p - a wand of lightning (8/15)
 y - a wand of disintegration (24/24)
 E - a wand of lightning (5/15)
Scrolls
 d - a scroll of enchant weapon {unknown}
 i - 2 scrolls of identify
 n - 2 scrolls of teleportation
 o - 6 scrolls of remove curse
 v - a scroll of recharging
Potions
 g - a potion of cancellation {unknown}
 k - 3 potions of curing
 r - a potion of heal wounds {unknown}
 u - a potion of ambrosia {unknown}
 w - a potion of mutation {unknown}
 z - 3 potions of flight {unknown}
 C - 4 potions of lignification
Books
 m - a book of Envenomations

   Spells                             Type                      Level
   a - Spider Form                    Transmutation/Poison         3
   b - Olgreb's Toxic Radiance        Poison                       4
   c - Alistair's Intoxication        Transmutation/Poison         5
   d - Poisonous Cloud                Conjuration/Poison/Air       6
Comestibles
 f - 4 bread rations
 l - 2 fruits
 A - 3 beef jerkies
 G - 2 meat rations


   Skills:
 - Level 7.2 Fighting
 * Level 11.3 Axes
 + Level 7.6 Armour
 - Level 6.4 Shields
 + Level 4.4 Invocations


You had 8 spell levels left.
You didn't know any spells.

Dungeon Overview and Level Annotations

Branches:
Dungeon (8/15)             Temple (0/1) D:7
   Lair: D:8-11

Altars:
Ashenzari
Cheibriados
Elyvilon
Gozag
Kikubaaqudgha
Ru
Vehumet
Zin
The Shining One

Shops:
D:5 %

Annotations:
D:4 atarun's ghost, amateur HOBe
D:5 exclusion: statue
D:6 olma's ghost, novice GrFi


Innate Abilities, Weirdness & Mutations

Your mind is acute. (Int +2)


Message History

You block the white ugly thing's attack.
Your chain mail prevents you from hitting the white ugly thing.
The white ugly thing is lightly wounded.
The white ugly thing barely misses you.
You hit the white ugly thing but do no damage.
The white ugly thing is lightly wounded.
You block the white ugly thing's attack.
You hit the white ugly thing.
The white ugly thing is lightly wounded.
The white ugly thing punches you but does no damage.
You hit the white ugly thing.
The white ugly thing is lightly wounded.
The white ugly thing punches you but does no damage.
You slash the white ugly thing!
The white ugly thing is moderately wounded.
The white ugly thing punches you. The white ugly thing freezes you!!
You closely miss the white ugly thing.
The white ugly thing is moderately wounded.
The white ugly thing punches you. The white ugly thing freezes you!!
You die...

##...# #.#
##.#..... ###.#
#.####....... ##.#
#.#..........
#..###.#.####.....
#)###....# ###....
#...##.).###......
#(#.#.............
#...#.........)##.
#@#.#.............
#u..#..........##.
#.#.#..........# .
#...#........... .
#.### ......... .
#.. ....... #.#
#..


You could see a white ugly thing.

Vanquished Creatures
  2 hippogriffs
  Duvessa (D:7)
  Edmund (D:5)
  An orc warrior (D:7)
  An ice beast (D:8)
  A sky beast (D:5)
  5 ogres
  3 phantoms
  3 giant frogs
  A big kobold (D:8)
  Dowan (D:7)
  13 wights (D:7)
  3 crimson imps
  A howler monkey (D:5)
  A hound (D:7)
  A gnoll shaman (D:5)
  2 iguanas
  An orc wizard (D:7)
  4 worker ants
  A hound zombie (D:5)
  A hound skeleton (D:5)
  Robin (D:2)
  11 gnolls
  A howler monkey skeleton (D:5)
  5 adders
  2 shadow imps
  An adder zombie (D:8)
  A worm (D:3)
  2 dart slugs
  2 giant geckos
  18 orcs
  3 ball pythons
  6 giant cockroaches
  14 goblins
  7 hobgoblins
  8 jackals
  16 kobolds
  3 quokkas
  6 bats
  A giant gecko zombie (D:5)
  6 giant newts
  A jackal zombie (D:8)
  21 rats
  A bush (D:7)
185 creatures vanquished.

Vanquished Creatures (others)
  An orc warrior (D:7)
  An orc (D:7)
2 creatures vanquished.

Grand Total: 187 creatures vanquished

Notes
Turn   | Place    | Note
--------------------------------------------------------------
     0 | D:1      | raph the Hill Orc Fighter began the quest for the Orb.
     0 | D:1      | Reached XP level 1. HP: 19/19 MP: 1/1
   146 | D:1      | Reached XP level 2. HP: 16/27 MP: 2/2
   578 | D:1      | Reached skill level 3 in Axes
   775 | D:1      | Reached XP level 3. HP: 33/33 MP: 3/3
  1526 | D:2      | Noticed Robin
  1527 | D:2      | Reached XP level 4. HP: 30/40 MP: 4/4
  1547 | D:2      | Killed Robin
  1966 | D:2      | Reached skill level 4 in Axes
  2240 | D:3      | Became a worshipper of Beogh the Brigand
  2241 | D:3      | Found an opulent altar of Gozag.
  2526 | D:3      | Reached XP level 5. HP: 47/47 MP: 5/5
  2659 | D:3      | Found a faded altar to an unknown god.
  3143 | D:4      | Found a glowing silver altar of Zin.
  3240 | D:4      | Noticed an ogre
  3251 | D:4      | Killed an ogre
  3251 | D:4      | Reached skill level 5 in Fighting
  3251 | D:4      | Reached skill level 5 in Axes
  3251 | D:4      | Reached XP level 6. HP: 38/56 MP: 6/6
  3379 | D:4      | Found a shattered altar of Ashenzari.
  3386 | D:4      | Found a white marble altar of Elyvilon.
  3387 | D:4      | Found a sacrificial altar of Ru.
  4090 | D:4      | Noticed atarun's ghost (amateur HOBe)
  4110 | D:5      | Entered Level 5 of the Dungeon
  4127 | D:5      | Noticed Edmund
  4168 | D:5      | Killed Edmund
  4168 | D:5      | Reached skill level 6 in Axes
  4168 | D:5      | Reached skill level 5 in Armour
  4168 | D:5      | Reached XP level 7. HP: 41/61 MP: 7/7
  4415 | D:5      | Reached * piety under Beogh
  4415 | D:5      | Reached skill level 5 in Shields
  4791 | D:5      | Found a radiant altar of Vehumet.
  4863 | D:5      | Gained mutation: Your mind is acute. (Int +2) [potion of beneficial mutation]
  4890 | D:5      | Reached skill level 7 in Axes
  4903 | D:5      | Reached XP level 8. HP: 60/70 MP: 8/8
  5012 | D:5      | Found Caqipnos's Food Shoppe.
  5544 | D:6      | Found a radiant altar of Vehumet.
  5597 | D:6      | Noticed olma's ghost (novice GrFi)
  5611 | D:6      | Paralysed by olma's ghost for 2 turns
  5804 | D:7      | Noticed Duvessa
  5822 | D:7      | Reached skill level 8 in Axes
  5851 | D:7      | Noticed Dowan
  6178 | D:7      | Reached ** piety under Beogh
  6243 | D:7      | Found an ancient bone altar of Kikubaaqudgha.
  6282 | D:7      | Reached skill level 9 in Axes
  6307 | D:7      | Found a glowing golden altar of the Shining One.
  6307 | D:7      | Found a snail-covered altar of Cheibriados.
  6364 | D:7      | Reached XP level 9. HP: 54/79 MP: 9/9
  6386 | D:7      | Reached skill level 1 in Invocations
  6727 | D:7      | Reached skill level 10 in Axes
  6843 | D:7      | Killed Duvessa
  6855 | D:7      | Killed Dowan
  7004 | D:7      | Found a staircase to the Ecumenical Temple.
  7290 | D:8      | Got a vibrating iron ring
  7292 | D:8      | Identified the ring "Sure" {*Contam rElec Dex+5 Stlth+} (You found it on level 8 of the Dungeon)
  7308 | D:8      | Reached *** piety under Beogh
  7324 | D:8      | Reached skill level 11 in Axes
  7606 | D:8      | Noticed a white ugly thing
  7617 | D:8      | Slain by a white ugly thing

Skill      XL: |  1  2  3  4  5  6  7  8  9 |
---------------+----------------------------+-----
Fighting       | 4 5 6 7 |  7.2
Axes           | 3 4 5 6 7 9 11 | 11.3
Armour         | 4 5 6 7 |  7.6
Shields        | 4 5 6 |  6.4
Invocations    | 4 |  4.4

Action                   |  1- 3 |  4- 6 |  7- 9 || total
-------------------------+-------+-------+-------++-------
Melee: War axe           |   101 |   191 |   548 ||   840
Invok: Convert to Beogh  |       |     1 |       ||     1
Evoke: Wand              |       |     1 |     2 ||     3
  Use: Potion            |       |     2 |     4 ||     6
       Scroll            |       |       |    12 ||    12
 Stab: Invisible         |       |       |     2 ||     2
  Eat: Chunk             |     1 |     8 |     7 ||    16
       Pizza             |       |     1 |       ||     1
       Meat ration       |       |       |     1 ||     1
Armor: Scale mail        |    59 |    55 |       ||   114
       Chain mail        |       |    38 |   206 ||   244
Dodge: Dodged            |    47 |    49 |    87 ||   183
Block: Shield            |    74 |   125 |   225 ||   424
